 Dungeon Crawl Stone Soup version 0.20.1-1-g8b1a95d (webtiles) character file.

44 vatarom the Firebug (level 3, -5/26 HPs)
             Began as a Demonspawn Fire Elementalist on Oct 2, 2017.
             Slain by a gnoll
             ... wielding a +0 flail
              (7 damage)
             ... on level 2 of the Dungeon.
             The game lasted 00:03:27 (1178 turns).

vatarom the Firebug (Demonspawn Fire Elementalist)  Turns: 1178, Time: 00:03:28

Health: -5/26      AC:  3    Str:  8    XL:     3   Next: 39%
Magic:  2/6        EV: 12    Int: 17    God:
Gold:   33         SH:  0    Dex: 13    Spells: 0/6 levels left

rFire    . . .     SeeInvis .   k - +0 falchion
rCold    . . .     Gourm    .   (no shield)
rNeg     . . .     Faith    .   a - +1 robe
rPois    .         Spirit   .   (no helmet)
rElec    .         Reflect  .   (no cloak)
rCorr    .         Harm     .   (no gloves)
MR       .....     Rnd*Tele +   (no boots)
Stlth    +.........             (no amulet)
Regen    0.1/turn               e - ring of teleportation (curse)
MPRegen  0.1/turn               i - ring of loudness (curse)

@: no status effects
A: claws 1
a: no special abilities


You were on level 2 of the Dungeon.
You were not hungry.

You visited 1 branch of the dungeon, and saw 2 of its levels.

You collected 33 gold pieces.

Inventory:

Hand Weapons
 k - a +0 falchion (weapon)
Missiles
 l - 7 tomahawks of returning (quivered)
Armour
 a - a +1 robe (worn)
Jewellery
 e - a cursed ring of teleportation (left claw)
 g - an uncursed ring of protection from magic
 i - a cursed ring of loudness (right claw)
Scrolls
 f - a scroll of fog {unknown}
 h - 2 scrolls of teleportation
Potions
 d - 2 potions of flight
Books
 b - a book of Flames

   Spells                             Type                      Level
   a - Flame Tongue                   Conjuration/Fire             1
   b - Throw Flame                    Conjuration/Fire             2
   c - Conjure Flame                  Conjuration/Fire             3
   d - Inner Flame                    Hexes/Fire                   3
   e - Sticky Flame                   Conjuration/Fire             4
   f - Fireball                       Conjuration/Fire             5
Comestibles
 c - a bread ration
 j - 2 chunks of flesh


   Skills:
 + Level 1.0 Fighting
 - Level 1.7 Dodging
 - Level 1.7 Stealth
 + Level 2.1 Spellcasting
 * Level 2.2 Conjurations
 + Level 3.1 Fire Magic


You couldn't memorise any spells.
You knew the following spells:

 Your Spells              Type           Power        Failure   Level  Hunger
a - Flame Tongue          Conj/Fire      ##...        6%          1    #......
b - Throw Flame           Conj/Fire      ##....       10%         2    ###....
c - Conjure Flame         Conj/Fire      ##......     19%         3    ###....


Dungeon Overview and Level Annotations

Branches:
Dungeon (2/15)

Altars:
Okawaru


Innate Abilities, Weirdness & Mutations

You have sharp fingernails.


Message History

The flame tongue hits the gnoll.
The gnoll is lightly wounded.
You barely miss the gnoll.
The gnoll is lightly wounded.
The gnoll hits you but does no damage.
You hit the gnoll.
The gnoll is moderately wounded.
The gnoll completely misses you.
You riposte.
You hit the gnoll but do no damage.
The gnoll is moderately wounded.
You hit the gnoll but do no damage.
The gnoll is moderately wounded.
The gnoll hits you with a flail! The gnoll hits you with a flail!
* * * LOW HITPOINT WARNING * * *
Your magical contamination has completely faded away.
Some of the chunks of flesh in your inventory have rotted away.
There is a stone staircase leading up here.
The gnoll hits you with a flail!
You die...

#..#......##.# ..
####.........##.######.#
.......#.##.......>....#
...........#)##........#
.......................##
.....##.##.)#...........###
.###.##.....####...).......
.#...###..#.# #........#
##.### ##...#
#@g.>....####### ##g# #...#
#............... . ...#
#.#.# #######...######..
...# ..#.# #.....#.....
...# ###.....#### .g.#
#.#....... ......
#.##..#... ..$.)...
#.##...#.. ........
.......#.†..


You could see a gnoll.

Vanquished Creatures
  A gnoll (D:1)
  An adder (D:2)
  A worm (D:2)
  2 leopard geckos (D:1)
  3 goblins
  2 hobgoblins (D:2)
  3 kobolds (D:1)
  6 bats
  2 rats (D:1)
21 creatures vanquished.

Notes
Turn   | Place    | Note
-------+----------+-------------------------------------------
     0 | D:1      | vatarom the Demonspawn Fire Elementalist began the quest for the Orb.
     0 | D:1      | Reached XP level 1. HP: 13/13 MP: 3/3
    97 | D:1      | Found an iron altar of Okawaru.
   494 | D:1      | Gained mutation: You have sharp fingernails. [demonic ancestry]
   494 | D:1      | Reached XP level 2. HP: 19/19 MP: 3/5
   519 | D:1      | Learned a level 2 spell: Throw Flame
  1033 | D:1      | Reached skill level 3 in Fire Magic
  1033 | D:1      | Reached XP level 3. HP: 20/25 MP: 2/6
  1075 | D:1      | Learned a level 3 spell: Conjure Flame
  1152 | D:2      | Reached skill level 1 in Fighting
  1178 | D:2      | Slain by a gnoll

Skill      XL: |  1  2  3 |
---------------+----------+-----
Conjurations   | 2 |  2.2
Fire Magic     | 3 |  3.1
Fighting       | 1 |  1.0
Dodging        | |  1.7
Stealth        | |  1.7
Spellcasting   | |  2.1

Action                   || total
-------------------------++-------
Melee: Unarmed           ||     6
       Falchion          ||    16
 Cast: Flame Tongue      ||    33
  Use: Scroll            ||     5
       Potion            ||     2
  Eat: Chunk             ||     1
Armor: Robe              ||     8
Dodge: Dodged            ||    34
       Rpst.: Falchion   ||     8
